 Dungeon Crawl Stone Soup version 0.32-a0-787-g50abb8a (webtiles) character file.

Game seed: 12799221993793063008

14561169 Wizard1ke the Merry Dwarf (level 27, 273/273 HPs)
             Began as a Mountain Dwarf Hunter on Mar 19, 2024.
             Was the Champion of the Shining One.
             Escaped with the Orb
             ... and 15 runes!
             The game lasted 04:49:50 (108028 turns).

Wizard1ke the Merry Dwarf (Mountain Dwarf Hunter) Turns: 108028, Time: 04:49:51

Health: 273/273    AC: 18    Str: 23    XL:     27
Magic:  40/40      EV: 44    Int: 14    God:    the Shining One [******]
Gold:   9941       SH: 38    Dex: 32    Spells: 19/26 levels left

rFire   + + +        s - +9 hand cannon (holy)
rCold   + + +        L - +8 tower shield
rNeg    + + +        D - +2 robe {rF+}
rPois   +            l - +2 helmet
rElec   +            O - +2 cloak {Will+}
rCorr   +            V - +2 pair of gloves "Laoh" {rC++ Will+ Str+3}
SInv    .            r - +2 pair of boots "Ydio" {Int+5}
Will    ++++.        S - amulet "Nyokoej" {Harm rF+ rC+ RegenMP+ rCorr}
Stlth   +            i - +6 ring of dexterity
HPRegen 0.65/turn    N - ring of Dobenuo {Fly rElec rPois rF+ Stlth-}
MPRegen 0.67/turn

%: harm (+30% outgoing, +20% incoming)
@: flying, glowing, studying 4 skills
A: runic magic, artefact enchanting, claws 1, iridescent scales 1, agile 1,
strong 1
0: Orb of Zot
}: 15/15 runes: barnacled, slimy, silver, golden, iron, obsidian, icy, bone,
abyssal, demonic, glowing, magical, fiery, dark, gossamer
a: Renounce Religion, Divine Shield, Cleansing Flame, Summon Divine Warrior


You escaped.
You worshipped the Shining One.
The Shining One was exalted by your worship.
You visited 18 branches of the dungeon, and saw 88 of its levels.
You visited Pandemonium 2 times, and saw 13 of its levels.
You visited the Abyss 4 times.
You visited 1 bazaar.
You also visited: Bailey, Volcano and Desolation.

You collected 15927 gold pieces.
You spent 5986 gold pieces at shops.

Inventory:

Hand Weapons
 d - a +9 hand cannon of freezing
 s - a +9 hand cannon of holy wrath (weapon)
Missiles
 t - 12 throwing nets
 H - 10 curare-tipped darts
 J - 37 javelins
Armour
 l - a +2 helmet (worn)
 o - a scarf of resistance
 r - the +2 pair of boots "Ydio" (worn) {Int+5}
   (You acquired it in Pandemonium)

   Int+5:     It affects your intelligence (+5).
 D - a +2 robe of fire resistance (worn)
 K - the +3 salamander hide armour {Flames, rFlCloud rF++ rC--}
   (You found it on level 7 of the Iron City of Dis)

   Flames:    It surrounds you with flame clouds and enhances your fire magic.
   rFlCloud:  It grants immunity to flame clouds.
   rF++:      It greatly protects you from fire.
   rC--:      It makes you very vulnerable to cold.
 L - a +8 tower shield (worn)
 O - a +2 cloak of willpower (worn)
 V - the +2 pair of gloves "Laoh" (worn) {rC++ Will+ Str+3}
   (Okawaru gifted it to you on level 3 of the Lair of Beasts)

   Str+3:     It affects your strength (+3).
   rC++:      It greatly protects you from cold.
   Will+:     It increases your willpower.
Jewellery
 f - the ring of Jauf Uve {rPois Will++ MP+9 SInv Stlth-}
   (You took it off a deep elf archer on level 2 of the Elven Halls)

   [ring of see invisible]

   rPois:     It protects you from poison.
   Will++:    It greatly increases your willpower.
   MP+9:      It affects your magic capacity (+9).
   SInv:      It lets you see invisible.
   Stlth-:    It makes you less stealthy.
 i - a +6 ring of dexterity (left hand)
 E - a +6 ring of dexterity
 N - the ring of Dobenuo (right hand) {Fly rElec rPois rF+ Stlth-}
   (You bought it in a shop on level 2 of the Orcish Mines)

   [ring of poison resistance]

   rF+:       It protects you from fire.
   rElec:     It insulates you from electricity.
   rPois:     It protects you from poison.
   Fly:       It grants you flight.
   Stlth-:    It makes you less stealthy.
 S - the amulet "Nyokoej" (around neck) {Harm rF+ rC+ RegenMP+ rCorr}
   (You took it off a ragged hierophant in the Desolation of Salt)

   [amulet of magic regeneration]

   It increases your rate of magic regeneration.
   rF+:       It protects you from fire.
   rC+:       It protects you from cold.
   rCorr:     It protects you from acid and corrosion.
   Harm:      It increases damage dealt and taken.
   RegenMP+:  It increases your rate of magic regeneration.
Wands
 c - a wand of digging (7)
 q - a wand of light (43)
 z - a wand of mindburst (70)
 I - a wand of warping (61)
 U - a wand of flame (41)
 X - a wand of polymorph (11)
 Y - a wand of charming (41)
Scrolls
 b - a scroll of revelation
 e - 8 scrolls of teleportation
 g - 9 scrolls of poison
 n - a scroll of summoning
 v - 10 scrolls of fog
 w - 8 scrolls of immolation
 y - 5 scrolls of blinking
 B - 5 scrolls of enchant armour
 F - 4 scrolls of silence {!r}
 P - 5 scrolls of vulnerability
 Q - 9 scrolls of fear
Potions
 h - 10 potions of attraction
 j - 6 potions of cancellation
 k - a potion of ambrosia
 m - 3 potions of mutation
 u - 25 potions of curing
 x - a potion of haste
 A - 4 potions of magic
 C - 11 potions of enlightenment
 G - 4 potions of resistance
 M - 19 potions of brilliance
 T - 2 potions of lignification
 Z - a potion of heal wounds
Miscellaneous
 a - a tin of tremorstones (2/2)
 p - a phial of floods
 R - a figurine of a ziggurat
 W - a phantom mirror


   Skills:
 O Level 27 Fighting
 O Level 27 Ranged Weapons
 O Level 27 Dodging
 - Level 5.0 Stealth
 O Level 27 Shields
 - Level 8.0 Translocations
 O Level 27 Invocations
 + Level 13.5 Evocations


You had 19 spell levels left.
You knew the following spells:

 Your Spells              Type           Power      Damage    Failure   Level
a - Blink                 Tloc           44%        N/A       1%          2
b - Dimensional Bullseye  Hex/Tloc       5%         N/A       50%         4
c - Apportation           Tloc           44%        N/A       1%          1

Your spell library contained the following spells:

 Spells                   Type           Power      Damage    Failure   Level
 Lesser Beckoning         Tloc           44%        N/A       1%          2
 Gell's Gravitas          Tloc           22%        N/A       3%          3
 Teleport Other           Tloc           22%        N/A       3%          3
 Momentum Strike          Conj/Tloc      22%        3d8       9%          2
 Passage of Golubria      Tloc           22%        N/A       11%         4
 Foxfire                  Conj/Fire      0%         2x1d4     28%         1
 Freeze                   Ice            0%         1d3       28%         1
 Kiss of Death            Conj/Necr      0%         2d5       28%         1
 Magic Dart               Conj           0%         1d3       28%         1
 Necrotise                Necr           0%         1d4       28%         1
 Shock                    Conj/Air       0%         1d3       28%         1
 Slow                     Hex            0%         N/A       28%         1
 Sting                    Conj/Alch      0%         1d3       28%         1
 Summon Small Mammal      Summ           0%         N/A       28%         1
 Call Imp                 Summ           0%         N/A       41%         2
 Cigotuvi's Dreadful Rot  Necr/Alch/Air  0%         N/A       41%         2
 Ensorcelled Hibernation  Hex/Ice        0%         N/A       41%         2
 Jinxbite                 Hex            0%         N/A       41%         2
 Mercury Vapours          Alch/Air       0%         N/A       41%         2
 Scorch                   Fire           0%         2d5       41%         2
 Static Discharge         Conj/Air       0%         3-3/arc   41%         2
 Sublimation of Blood     Necr           0%         N/A       41%         2
 Iskenderun's Mystic Bla  Conj/Tloc      11%        2d4       50%         4
 Vhi's Electric Charge    Tloc/Air       22%        N/A       50%         4
 Call Canine Familiar     Summ           0%         N/A       65%         3
 Confusing Touch          Hex            0%         N/A       65%         3
 Dazzling Flash           Conj/Hex       0%         N/A       65%         3
 Frozen Ramparts          Ice            0%         1d1       65%         3
 Fugue of the Fallen      Necr           0%         N/A       65%         3
 Hailstorm                Conj/Ice       0%         3d5       65%         3
 Inner Flame              Hex/Fire       0%         N/A       65%         3
 Mephitic Cloud           Conj/Alch/Air  0%         N/A       65%         3
 Ozocubu's Armour         Ice            0%         N/A       65%         3
 Sigil of Binding         Hex            0%         N/A       65%         3
 Summon Ice Beast         Ice/Summ       0%         N/A       65%         3
 Tukima's Dance           Hex            0%         N/A       65%         3
 Vampiric Draining        Necr           0%         2d6       65%         3
 Summon Forest            Summ/Tloc      5%         N/A       83%         5
 Dispersal                Tloc           11%        N/A       86%         6
 Airstrike                Air            0%         2d(0-16)  96%         4
 Anguish                  Hex/Necr       0%         N/A       96%         4
 Animate Armour           Summ/Erth      0%         N/A       96%         4
 Brom's Barrelling Bould  Conj/Erth      0%         2d3       96%         4
 Cause Fear               Hex            0%         N/A       96%         4
 Dispel Undead            Necr           0%         3d6       96%         4
 Ignite Poison            Fire/Alch      0%         N/A       96%         4
 Leda's Liquefaction      Alch/Erth      0%         N/A       96%         4
 Olgreb's Toxic Radiance  Alch           0%         N/A       96%         4
 Petrify                  Alch/Erth      0%         N/A       96%         4
 Sticky Flame             Fire/Alch      0%         2d4       96%         4
 Summon Lightning Spire   Summ/Air       0%         N/A       96%         4
 Alistair's Intoxication  Alch           0%         N/A       100%        5
 Arcjolt                  Conj/Air       0%         1d10      100%        5
 Borgnjor's Vile Clutch   Necr/Erth      0%         N/A       100%        5
 Curse of Agony           Necr           0%         N/A       100%        5
 Fireball                 Conj/Fire      0%         3d3       100%        5
 Freezing Cloud           Conj/Ice/Air   0%         6-21      100%        5
 Irradiate                Conj/Alch      0%         3d11      100%        5
 Iskenderun's Battlesphe  Conj           0%         2d6       100%        5
 Lee's Rapid Deconstruct  Erth           0%         3d4*      100%        5
 Metabolic Englaciation   Hex/Ice        0%         N/A       100%        5
 Silence                  Hex/Air        0%         N/A       100%        5
 Summon Mana Viper        Hex/Summ       0%         N/A       100%        5
 Yara's Violent Unravell  Hex/Alch       0%         3d3       100%        5
 Bombard                  Conj/Erth      0%         9d1       100%        6
 Conjure Ball Lightning   Conj/Air       0%         3x3d6     100%        6
 Death Channel            Necr           0%         N/A       100%        6
 Eringya's Noxious Bog    Alch           0%         4d6       100%        6
 Permafrost Eruption      Ice/Erth       0%         2x4d2     100%        6
 Plasma Beam              Fire/Air       0%         2x1d10    100%        6
 Sculpt Simulacrum        Ice/Alch       0%         N/A       100%        6
 Starburst                Conj/Fire      0%         6d3       100%        6
 Summon Cactus Giant      Summ           0%         N/A       100%        6
 Enfeeble                 Hex            0%         N/A       100%        7
 Haunt                    Necr/Summ      0%         N/A       100%        7
 Monstrous Menagerie      Summ           0%         N/A       100%        7
 Orb of Destruction       Conj           0%         9d5       100%        7
 Ozocubu's Refrigeration  Ice            0%         4d7       100%        7
 Spellforged Servitor     Conj/Summ      0%         N/A       100%        7
 Summon Hydra             Summ           0%         N/A       100%        7
 Discord                  Hex            0%         N/A       100%        8
 Disjunction              Tloc           11%        N/A       100%        8
 Ignition                 Fire           0%         3d3       100%        8
 Infestation              Necr           0%         N/A       100%        8
 Lehudib's Crystal Spear  Conj/Erth      0%         10d2      100%        8
 Maxwell's Capacitive Co  Air            0%         ∞         100%        8


Dungeon Overview and Level Annotations

Branches:
Dungeon (15/15)            Temple (1/1) D:5            Lair (5/5) D:10
 Shoals (4/4) Lair:2       Spider (4/4) Lair:3        Slime (5/5) Lair:5
    Orc (2/2) D:9             Elf (3/3) Orc:2        Vaults (5/5) D:14
  Crypt (3/3) Vaults:3       Tomb (3/3) Crypt:3      Depths (4/4) D:15
   Hell (visited)             Dis (7/7) Hell            Geh (7/7) Hell
    Coc (7/7) Hell            Tar (7/7) Hell            Zot (5/5) Depths:4
 Bailey (visited)         Volcano (visited)         Desolation (visited)

Altars:
Ashenzari
Cheibriados
Dithmenos
Elyvilon
Fedhas
Gozag
Hepliaklqana
Kikubaaqudgha
Makhleb
Nemelex Xobeh
Okawaru
Qazlal
Ru
Sif Muna
Trog
Uskayaw
Vehumet
Wu Jian
Xom
Yredelemnul
Zin
The Shining One
Beogh
Jiyva
Lugonu

Shops:
D:2 *:[   D:12 (   Orc:2 [*=:   Elf:2 *?(   Elf:3 *==:   Shoals:1 =
Shoals:2 (   Vaults:2 :*=*   Vaults:3 :!   Vaults:4 ?   Depths:1 :   Depths:3 (

Portals:
Hell: Depths:1 Depths:2 Depths:3 Depths:4
Abyss: Coc:1 Depths:1 Depths:3
Pandemonium: Depths:2
Ziggurat: Depths:2

Annotations:
D:3 2 transporters, Eyeclick's ghost, novice AtFi
D:4 2 exclusions
D:8 3 runed translucent doors, exclusion: 3 doors, Dega's ghost, novice OpFi
Lair:3 1 exclusion
Lair:4 1 runed translucent door, Rupert
Spider:4 1 runed translucent door, exclusion: door, tls9540's ghost, adept MDFi
Vaults:5 !vaults warning
Crypt:2 2 transporters
Depths:1 1 runed translucent door, exclusion: door, Xarghoihy's ghost, veteran MiCA
Zot:2 exclusion: draconian annihilator
Zot:5 1 exclusion


Innate Abilities, Weirdness & Mutations

Your spellcasting is much less encumbered by armour.
You can use scrolls of enchantment on lesser artefacts.
You have sharp fingernails.
You are partially covered in iridescent scales. (AC +2)
You are agile. (Dex +4, Str/Int -1)
Your muscles are strong. (Str +4, Int/Dex -1)


Message History

You shoot a slug. The slug hits the rust devil!!
The slug freezes the rust devil.
You kill the rust devil!
The Shining One accepts your kill.
No target in view!
No target in view!
(D) Dungeon (T) Temple (L) Lair (A) Shoals (N) Spider Nest (M) Slime Pits (O) Orcish Mines (E) Elven Halls (V) Vaults (C) Crypt (W) Tomb (U) Depths (H) Hell (I) Dis (G) Gehenna (X) Cocytus (Y) Tartarus (Z) Zot
Where to? (Tab/Enter - D:1 @ (x,y), ? - help)
An efreet comes into view.
It is wielding a +3 scimitar of flaming.
You shoot a slug. The slug hits the efreet!!!
The slug freezes the efreet!!
You kill the efreet!
The Shining One accepts your kill.
No target in view!
(D) Dungeon (T) Temple (L) Lair (A) Shoals (N) Spider Nest (M) Slime Pits (O) Orcish Mines (E) Elven Halls (V) Vaults (C) Crypt (W) Tomb (U) Depths (H) Hell (I) Dis (G) Gehenna (X) Cocytus (Y) Tartarus (Z) Zot
Where to? (Tab/Enter - D:1 @ (x,y), ? - help)
You see here a +3 scimitar of flaming.
There is an open gate here.
An Orb Guardian comes into view.
You shoot a slug.
The slug hits the Orb Guardian but does no damage.
You shoot a slug. The slug hits the Orb Guardian!!!
The slug freezes the Orb Guardian!
The Orb Guardian is almost dead.
You shoot a slug. The slug hits the Orb Guardian!
The slug freezes the Orb Guardian.
You kill the Orb Guardian!
Okay, then.
There is a staircase leading out of the dungeon here.
Your +9 hand cannon of freezing stops glowing.
Your +9 hand cannon of holy wrath softly glows with a divine radiance!
s - a +9 hand cannon of holy wrath (weapon)
You have escaped!

#..♣♣ #...♣♣ #....♣
# ##....♣♣
############......♣
...).....##.......♣
.#......)#ß..ß..ß.♣
...#.....'........♣♣
.#...#...'......@..♣
..)#.....'........♣♣
.#...#...#ß..ß..ß.♣
.).#.....##......♣♣
.#...#...###.....♣
...#....## ##...♣♣
.#...#.## #...♣
...#..## #...♣
.#..###### #...♣


There were no monsters in sight!

Vanquished Creatures
  Antaeus (Coc:7)
  Asmodeus (Geh:7)
  Dissolution (Slime:2)
  the Royal Jelly (Slime:5)
  the Serpent of Hell (Geh:7)
  Ignacio (Pan)
  Dispater (Dis:7)
  Frederick (Depths:4)
  4 dread liches
  6 orbs of fire
  5 ancient liches
  4 pandemonium lords
  A juggernaut (Depths:3)
  Mara (Vaults:2)
  14 royal mummies
  Vv (Zot:3)
  Boris (Depths:2)
  2 Killer Klowns (Zot:5)
  Bai Suzhen (Shoals:4)
  18 shard shrikes
  17 caustic shrikes
  Saint Roka (Depths:1)
  Geryon (Hell)
  5 golden dragons
  22 profane servitors
  Norris (Elf:3)
  Nikola (Spider:2)
  9 bone dragons
  9 Brimstone Fiends
  An electric golem (Zot:2)
  Arachne (Spider:2)
  Jorgrun (Shoals:1)
  7 iron giants
  6 doom hounds
  16 Tzitzimimeh
  12 Ice Fiends
  8 hellephants
  20 Hell Sentinels
  2 spectral shard shrikes (Tar:3)
  Mlioglotl (Spider:1)
  Zenata (Elf:2)
  16 liches
  14 tentacled monstrosities
  23 Orb Guardians
  20 tainted leviathans
  9 deep elf master archers
  5 deep elf blademasters
  21 titans
  17 searing wretches
  Asterion (Depths:1)
  5 quicksilver dragons
  14 sphinxes
  15 Executioners
  14 acid blobs
  28 ancient champions
  Murray (Depths:1)
  6 tentacled starspawn
  Kirke (Lair:4)
  3 death cobs
  7 shadow dragons
  10 storm dragons
  6 tengu reavers
  Donald (Shoals:3)
  5 revenants
  11 azure jellies
  2 nagarajas (Pan)
  6 draconian monks
  Roxanne (Elf:2)
  2 fenstrider witches (Pan)
  8 narguns
  34 fire giants
  8 deep elf sorcerers
  19 frost giants
  10 quicksilver elementals
  4 ghost moths
  5 deep elf elementalists
  6 protean progenitors
  5 demonspawn warmongers (Pan)
  An imperial myrmidon (Desolation)
  2 draconian knights
  35 balrugs
  5 draconian scorchers
  5 draconian shifters
  10 rockslimes
  8 emperor scorpions
  Louise (Shoals:2)
  9 cacodemons
  11 vault wardens
  8 iron dragons
  6 shard shrike simulacra
  6 caustic shrike zombies
  7 draconian stormcallers
  5 spectral caustic shrikes (Depths:3)
  3 juggernaut zombies
  22 ironbound preservers
  4 curse skulls
  5 caustic shrike skeletons
  4 quicksilver oozes
  9 ghouls
  3 orc warlords
  A broodmother (Spider:4)
  A spriggan defender (Depths:4)
  8 ironbound thunderhulks
  6 demonspawn corrupters (Pan)
  9 draconian annihilators
  40 very ugly things
  13 reapers
  6 formless jellyfish
  6 demonspawn blood saints (Pan)
  A starflower (Abyss:4)
  12 vampire knights
  10 black draconians
  25 stone giants
  6 green draconians
  10 deep elf death magi
  30 elemental wellsprings
  7 spark wasps
  17 red draconians
  26 putrid mouths
  11 deep elf demonologists
  10 wendigos
  16 bennus
  2 demonspawn black suns (Pan)
  9 purple draconians
  7 lorocyprocas
  2 halazid warlocks (Desolation)
  2 minotaurs (Shoals:4)
  23 war gargoyles
  12 yellow draconians
  11 deep elf annihilators
  A spectral titan (Tar:3)
  25 mummy priests
  7 green deaths
  4 white draconians
  15 blizzard demons
  8 eidola
  2 merfolk javelineers
  13 ettins
  18 iron golems
  14 jiangshi
  2 quicksilver dragon zombies
  3 merfolk impalers
  3 crystal guardians
  Josephine (D:10)
  3 spectral krakens (Tar:7)
  14 yaktaur captains
  6 fire dragons
  7 deep elf high priests
  7 great orbs of eyes
  4 ragged hierophants (Desolation)
  5 spriggan zombies
  5 entropy weavers
  17 ice dragons
  5 spectral spriggans
  7 servants of whispers (Desolation)
  A spectral iron giant (Tar:3)
  7 salamander tyrants
  A quicksilver dragon skeleton (Tomb:2)
  2 ogre magi (Vaults:5)
  12 peacekeepers
  2 spriggan skeletons
  7 rakshasas
  2 catoblepae
  9 hydras
  27 vault guards
  4 jorogumos
  3 juggernaut simulacra
  5 merfolk aquamancers
  5 ironbound frosthearts
  6 radroaches
  6 spriggan air magi
  4 hell beasts
  7 death knights
  29 dancing weapons
  3 two-headed ogres
  5 merfolk avatars
  26 stokers
  11 caustic shrike simulacra
  9 boulder beetles
  9 centaur warriors
  6 deep troll shamans
  13 satyrs
  7 deep troll earth magi
  Urug (Orc:2)
  An azure jelly zombie (Crypt:1)
  39 death scarabs
  12 death yaks
  28 hell hogs
  11 demonic crawlers
  8 tengu warriors
  13 vampire magi
  16 thrashing horrors
  4 spriggan berserkers
  10 occultists
  An orc high priest (Depths:1)
  A shock serpent (shapeshifter) (Depths:3)
  37 sun demons
  3 hell knights
  A titan skeleton (Hell)
  6 spatial maelstroms
  18 deep elf knights
  4 shadow wraiths
  5 storm dragon zombies
  45 skeletal warriors
  18 soul eaters
  4 crystal echidnas
  7 wretched stars
  6 iron trolls
  6 pharaoh ants
  A fire crab (shapeshifter) (Abyss:4)
  13 sixfirhies
  6 hellephant skeletons (Pan)
  7 skysharks
  65 deep trolls
  A bunyip zombie (Crypt:3)
  5 quicksilver dragon simulacra
  5 sea snakes
  A storm dragon skeleton (D:15)
  A cherub (Pan)
  Lodul (D:10)
  8 orb spiders
  6 shadow demons (Pan)
  8 glowing orange brains
  A spectral anaconda (Tar:4)
  15 ironbound convokers
  8 sun moths
  A golden dragon skeleton (Depths:2)
  An anaconda skeleton (Crypt:2)
  2 thermic dynamos (Elf:2)
  6 steelbarb worms
  12 flayed ghosts
  12 lindwurms
  26 deep elf zephyrmancers
  30 phantasmal warriors
  4 spriggan simulacra
  15 deep elf archers
  2 harpies (shapeshifter)
  7 arcanists
  A fenstrider witch simulacrum (Coc:1)
  24 deep elf pyromancers
  12 wolf spiders
  8 necromancers
  23 harpies
  11 orc knights
  36 starcursed masses
  An oklob plant (Shoals:1)
  3 orc sorcerers
  2 elf skeletons (Vaults:4)
  A shining eye (shapeshifter) (Depths:4)
  3 shining eyes
  2 iron dragon zombies
  18 fauns
  24 manticores
  A frost giant zombie (Hell)
  7 meliai
  2 tengu skeletons
  7 cyclopes
  2 fire giant zombies (Hell)
  A stone giant zombie (Hell)
  4 ice statues (Coc:6)
  A will-o-the-wisp (Abyss:3)
  54 ugly things
  4 worldbinders
  A stone giant skeleton (Crypt:2)
  A naga zombie (Crypt:3)
  18 moths of wrath
  16 elephants
  A spectral centaur (Tar:1)
  A frost giant skeleton (Vaults:4)
  2 salamanders (Volcano)
  8 rust devils
  14 merfolk sirens
  8 water nymphs
  An eye of devastation (Slime:4)
  A human skeleton (Vaults:4)
  3 apocalypse crabs (Abyss:2)
  19 vault sentinels
  3 guardian serpents
  13 molten gargoyles
  2 water nymphs (shapeshifter)
  3 kobold blastminers (Orc:2)
  An iron dragon skeleton (Tomb:1)
  A fire giant skeleton (Depths:2)
  10 orange demons
  4 gargoyles
  4 black mambas
  8 titan simulacra
  10 torpor snails
  An alligator snapping turtle zombie (Crypt:3)
  10 komodo dragons
  Maggie (Lair:1)
  18 smoke demons
  7 rime drakes
  8 spectral swamp worms (Tar:7)
  15 cane toads
  35 hellions
  3 kobold demonologists
  38 large abominations
  A torpor snail (shapeshifter) (Vaults:5)
  An unseen horror (Abyss:2)
  12 ice devils
  2 bunyip simulacra
  2 sea snake zombies (Hell)
  29 yaktaurs
  5 efreet
  An iron troll zombie (Crypt:2)
  An iron giant simulacrum (Coc:5)
  A wolf spider (shapeshifter) (Depths:1)
  2 anaconda simulacra
  8 freezing wraiths
  4 trolls
  A spectral harpy (Tar:4)
  3 spectral nagas
  22 tormentors
  7 ancient zymes
  3 golden dragon simulacra
  A silent spectre (Tar:7)
  2 tengu conjurers (D:9)
  A sea snake skeleton (Hell)
  Grinder (D:3)
  2 harpy zombies (Crypt:3)
  38 merfolk
  47 guardian mummies
  46 saltlings
  A shadow dragon simulacrum (Vaults:4)
  3 hornets
  A harpy skeleton (Tomb:2)
  6 hydra zombies (Hell)
  4 polar bears (Lair:5)
  7 hellwings (Pan)
  6 wind drakes
  21 tarantellas
  A glass eye (shapeshifter) (Vaults:5)
  A hydra skeleton (Hell)
  An iron dragon simulacrum (Coc:3)
  2 dream sheep (Shoals:1)
  30 blink frogs
  8 raiju
  3 stone giant simulacra
  A glass eye (Depths:3)
  A dream sheep (shapeshifter) (Depths:3)
  63 slime creatures
  An ettin skeleton (Tomb:2)
  6 snapping turtles
  22 jumping spiders
  2 ettin zombies (Hell)
  12 culicivoras
  An orc simulacrum (Coc:1)
  6 air elementals
  A guardian serpent skeleton (Crypt:1)
  7 wyverns
  A vampire (D:9)
  56 yaks
  3 shadows
  8 dire elephant simulacra
  19 water elementals
  3 ushabtiu
  11 ynoxinuls
  5 fire bats
  A centaur simulacrum (Coc:2)
  16 wraiths
  5 humans (Bailey)
  2 basilisks (D:14)
  A basilisk (shapeshifter) (D:15)
  3 fire elementals
  Grum (D:10)
  13 neqoxecs
  9 steam dragons (Lair:2)
  2 wargs (Orc:1)
  20 golden eyes
  7 hogs (Lair:4)
  4 vampire mosquitoes (D:13)
  An alligator snapping turtle simulacrum (Coc:2)
  11 chaos spawn
  A glowing shapeshifter zombie (Hell)
  16 harpy simulacra
  63 redbacks
  A skyshark zombie (Crypt:1)
  2 acid dragons
  8 spatial vortices
  A glowing shapeshifter skeleton (Crypt:1)
  4 hell hounds (Hell)
  19 water moccasins
  33 laughing skulls
  A cane toad skeleton (Crypt:1)
  35 orc warriors
  An elephant zombie (Crypt:1)
  7 ettin simulacra
  4 ice beasts
  A swamp dragon zombie (Crypt:3)
  A fire dragon simulacrum (Coc:1)
  A black bear (shapeshifter) (D:15)
  4 black bears
  2 sky beasts
  13 ogres
  14 small abominations
  4 boggarts (Vaults:2)
  4 wolves (D:10)
  15 centaurs
  A lemure (D:3)
  A rime drake zombie (Crypt:2)
  A phantom (D:7)
  4 kobold brigands
  25 bullfrogs
  2 elf zombies (Elf:1)
  2 gnoll sergeants
  3 scorpions
  2 earth elementals
  4 naga simulacra
  22 wights
  8 wyvern skeletons (Crypt:3)
  29 killer bees
  5 howler monkeys
  A bombardier beetle (D:6)
  3 electric eels
  2 centaur zombies
  2 gnoll boudas
  2 hounds
  19 orc priests
  3 jellies
  2 sleepcaps
  An iron imp (Abyss:4)
  4 iguanas
  A basilisk skeleton (Crypt:2)
  17 orc wizards
  4 hell rats (Hell)
  2 killer bee zombies (D:7)
  A brain worm zombie (Crypt:2)
  An ogre zombie (D:7)
  An ogre skeleton (Crypt:2)
  Robin (D:3)
  67 mummies
  31 gnolls
  5 adders
  3 shadow imps
  3 white imps
  3 ufetubi
  A jelly zombie (Crypt:1)
  An adder skeleton (Crypt:2)
  2 ribbon worms (D:2)
  3 dart slugs
  84 orcs
  3 bats
  8 endoplasms
  3 giant cockroaches
  17 goblins
  12 hobgoblins
  7 jackals
  3 quokkas
  3 training dummies (Shoals:2)
  5 ball pythons
  3 frilled lizards
  A hobgoblin zombie (Crypt:1)
  14 kobolds
  12 rats
  2 aspiring fleshes (Zot:4)
  2 creeping infernos (Geh:4)
  3 fire vortices
  A lurking horror (Coc:1)
  9 starspawn tentacles
  3 tentacles (Tar:7)
4027 creatures vanquished.

Vanquished Creatures (collateral kills)
  Cerebov (Pan)
  Ereshkigal (Tar:7)
  Gloorx Vloq (Pan)
  Mnoleg (Pan)
  An iron giant (Dis:7)
  A Tzitzimitl (Tar:7)
  An electric golem (Zot:5)
  A tainted leviathan (Tar:7)
  An ancient champion (Dis:7)
  An Executioner (Pan)
  A storm dragon (Zot:5)
  A protean progenitor (Pan)
  A quicksilver elemental (Dis:7)
  8 cacodemons (Pan)
  A caustic shrike skeleton (Pan)
  3 war gargoyles (Dis:7)
  An ettin (Pan)
  2 iron golems (Dis:5)
  A crystal echidna (Dis:5)
  A soul eater (Pan)
  A hellephant skeleton (Pan)
  A shadow demon (Pan)
  A sun moth (Pan)
  A moth of wrath (Zot:5)
  5 orange demons (Pan)
  3 neqoxecs (Pan)
  A chaos spawn (Pan)
  An aspiring flesh (Pan)
44 creatures vanquished.

Vanquished Creatures (others)
  An eldritch tentacle (Pan)
  A death cob (Zot:4)
  A draconian knight (Depths:4)
  A balrug (Hell)
  An elemental wellspring (Coc:3)
  A green death (Pan)
  An ogre mage (Abyss:4)
  A caustic shrike simulacrum (Coc:6)
  A deep elf zephyrmancer (Elf:2)
  A deep elf pyromancer (Elf:3)
  A faun (Zot:4)
  A saltling (Desolation)
  3 fire bats (Abyss:4)
  A golden eye (Abyss:4)
  2 alligator snapping turtle simulacra (Coc:2)
  5 chaos spawn (Abyss:4)
  A harpy simulacrum (Coc:7)
  A starcursed mass (Abyss:4)
  A creeping inferno (Geh:4)
  2 foxfires (Abyss:4)
  A lurking horror (Abyss:3)
  7 starspawn tentacles (Abyss:4)
  5 tentacles (Tar:7)
41 creatures vanquished.

Grand Total: 4112 creatures vanquished

Notes
Turn   | Place    | Note
-------+----------+-------------------------------------------
     0 | D:1      | Wizard1ke the Mountain Dwarf Hunter began the quest for the
                  | Orb.
     0 | D:1      | Reached XP level 1. HP: 17/17 MP: 1/1
    87 | D:1      | Reached XP level 2. HP: 25/25 MP: 2/2
   392 | D:1      | Reached XP level 3. HP: 29/31 MP: 3/3
   792 | D:2      | Found Gicusax's General Store.
   808 | D:2      | Bought a scroll of teleportation for 30 gold pieces
   808 | D:2      | Bought a scroll of identify for 20 gold pieces
  1054 | D:2      | Reached XP level 4. HP: 40/40 MP: 4/4
  1113 | D:2      | Found Dueth's Book Emporium.
  1195 | D:2      | Found Pat Jast's Armour Shoppe.
  1690 | D:3      | Found a blossoming altar of Fedhas.
  1716 | D:3      | Noticed Robin
  1720 | D:3      | Killed Robin
  1723 | D:3      | Reached XP level 5. HP: 47/47 MP: 5/5
  2005 | D:3      | Found a transporter.
  2009 | D:3      | Noticed Eyeclick's ghost (novice AtFi)
  2068 | D:3      | Found a transporter.
  2074 | D:3      | Noticed Grinder
  2084 | D:3      | Killed Grinder
  2085 | D:3      | Reached skill level 5 in Fighting
  2085 | D:3      | Reached skill level 5 in Ranged Weapons
  2085 | D:3      | Reached skill level 1 in Evocations
  2085 | D:3      | Reached XP level 6. HP: 24/56 MP: 6/6
  3349 | D:4      | Reached XP level 7. HP: 62/62 MP: 7/7
  3940 | D:5      | Entered Level 5 of the Dungeon
  4269 | D:5      | Found a staircase to the Ecumenical Temple.
  4283 | Temple   | Entered the Ecumenical Temple
  4356 | D:5      | Identified the +6 mace "Nathol" {venom, Fly Will+}
  4890 | D:5      | Reached XP level 8. HP: 59/73 MP: 8/8
  5124 | D:6      | Found a sacrificial altar of Ru.
  5166 | D:6      | Found a stormy altar of Qazlal.
  5519 | D:6      | Found a roughly hewn altar of Beogh.
  5519 | D:6      | Found the +7 staff of the Meek {protect, meekguard}
  5947 | D:7      | Reached XP level 9. HP: 81/81 MP: 9/9
  6192 | D:7      | Found a bloodstained altar of Trog.
  6384 | D:7      | Found a sparkling altar of Nemelex Xobeh.
  6429 | D:7      | Found an opulent altar of Gozag.
  7554 | D:8      | Found an iron altar of Okawaru.
  7628 | D:8      | Became a worshipper of Warmaster Okawaru
  7688 | D:8      | Found a runed translucent gate.
  7693 | D:8      | Found a runed translucent gate.
  7693 | D:8      | Found a runed translucent gate.
  7695 | D:8      | Noticed Dega's ghost (novice OpFi)
  8000 | D:8      | Reached skill level 1 in Invocations
  8038 | D:9      | Found a flagged portal.
  8063 | Bailey   | Entered a bailey
  8192 | Bailey   | Reached skill level 5 in Invocations
  8196 | Bailey   | Reached skill level 5 in Evocations
  8198 | Bailey   | Reached * piety under Okawaru
  8276 | Bailey   | Reached XP level 10. HP: 74/91 MP: 13/13
  8544 | Bailey   | Reached ** piety under Okawaru
  8548 | Bailey   | Noticed Prince Ribbit
  8549 | Bailey   | Noticed a vault guard
  8698 | D:9      | Found a staircase to the Orcish Mines.
  8923 | D:9      | Reached skill level 10 in Fighting
  9399 | D:9      | Noticed a two-headed ogre
  9405 | D:9      | Killed a two-headed ogre
  9405 | D:9      | Reached *** piety under Okawaru
  9424 | D:9      | Found a hide-covered altar of Uskayaw.
  9547 | D:9      | Reached skill level 10 in Ranged Weapons
  9827 | D:9      | Found a radiant altar of Vehumet.
  9827 | D:9      | Found an ancient bone altar of Kikubaaqudgha.
  9829 | D:9      | Found a shimmering blue altar of Sif Muna.
  9836 | D:9      | Got Kikubaaqudgha's Compendium of the Autopsy
  9875 | D:9      | Reached **** piety under Okawaru
  9876 | D:9      | Reached XP level 11. HP: 97/102 MP: 14/14
  9892 | D:9      | Found the sphere of Battle
 10110 | D:10     | Entered Level 10 of the Dungeon
 10160 | D:10     | Found a staircase to the Lair.
 10408 | D:10     | Noticed Lodul
 10417 | D:10     | Reached ***** piety under Okawaru
 11201 | D:10     | Noticed Grum
 11207 | D:10     | Killed Grum
 11296 | D:10     | Noticed Josephine
 11300 | D:10     | Killed Josephine
 11410 | D:10     | Killed Lodul
 11582 | D:10     | Found a burning altar of Makhleb.
 11754 | D:11     | Identified the +9 plate armour of Rocsoptiof {rPois}
 11765 | D:11     | Received a gift from Okawaru
 12178 | D:11     | Reached XP level 12. HP: 112/113 MP: 17/17
 12692 | D:11     | Found a shimmering altar of Xom.
 12944 | Lair:1   | Entered Level 1 of the Lair of Beasts
 13049 | Lair:1   | Noticed Maggie
 13067 | Lair:1   | Killed Maggie
 13455 | Lair:1   | Found a dark tunnel.
 13491 | Volcano  | Entered a volcano
 13514 | Volcano  | Received a gift from Okawaru
 13858 | Volcano  | Reached skill level 15 in Fighting
 13858 | Volcano  | Noticed an orb of fire
 13866 | Volcano  | Noticed an orb of fire
 13973 | Volcano  | Identified the +9 orcbow of the Morning {speed, rPois rN++}
 14844 | Lair:2   | Received a gift from Okawaru
 14846 | Lair:2   | Noticed a catoblepas
 14862 | Lair:2   | Killed a catoblepas
 15116 | Lair:2   | Reached XP level 13. HP: 126/126 MP: 19/19
 15739 | Lair:2   | Found a staircase to the Shoals.
 16223 | Lair:3   | Received a gift from Okawaru
 16777 | Lair:3   | Reached ****** piety under Okawaru
 16829 | Lair:3   | Found a hole to the Spider Nest.
 16963 | Lair:3   | Received a gift from Okawaru
 17343 | Lair:4   | Reached skill level 5 in Dodging
 17365 | Lair:3   | Acquired the +1 pair of gloves "Laoh" {rC++ Will+ Str+3}
 17365 | Lair:3   | Received a gift from Okawaru
 17673 | Lair:4   | Reached skill level 10 in Invocations
 17874 | Lair:4   | Received a gift from Okawaru
 17878 | Lair:4   | Acquired a +2 hand cannon of freezing
 17878 | Lair:4   | Received a gift from Okawaru
 17907 | Lair:4   | Noticed a dire elephant
 17927 | Lair:4   | Found a runed translucent door.
 17989 | Lair:4   | Noticed Rupert
 18020 | Lair:4   | Reached XP level 14. HP: 135/135 MP: 21/21
 18035 | Lair:4   | Noticed Kirke
 18164 | Lair:4   | Killed Kirke
 18793 | Lair:5   | Entered Level 5 of the Lair of Beasts
 19813 | Lair:5   | Received a gift from Okawaru
 20195 | Lair:4   | Received a gift from Okawaru
 20583 | Lair:5   | Found a staircase to the Slime Pits.
 20585 | Lair:5   | Found a viscous altar of Jiyva.
 20786 | Lair:5   | Reached skill level 15 in Ranged Weapons
 20871 | Lair:5   | Received a gift from Okawaru
 21469 | D:12     | Reached XP level 15. HP: 141/141 MP: 24/24
 21800 | D:12     | Found a shimmering blue altar of Sif Muna.
 21886 | D:12     | Found Adwats's Antique Weapon Shop.
 22553 | Orc:1    | Entered Level 1 of the Orcish Mines
 22588 | Orc:2    | Entered Level 2 of the Orcish Mines
 22712 | Orc:2    | Found a flickering gateway to a bazaar.
 22721 | Orc:2    | Received a gift from Okawaru
 22745 | Bazaar   | Entered a bazaar
 22745 | Bazaar   | Found Noshu's Antique Armour Shop.
 22745 | Bazaar   | Found Azoghobu's General Store.
 22773 | Bazaar   | Found Zukhlu Hyqiv's Antique Weapon Shop.
 22811 | Bazaar   | Bought a potion of brilliance for 24 gold pieces
 22811 | Bazaar   | Bought a potion of attraction for 18 gold pieces
 22811 | Bazaar   | Bought a scroll of immolation for 24 gold pieces
 22811 | Bazaar   | Bought a potion of degeneration for 6 gold pieces
 22811 | Bazaar   | Bought a potion of mutation for 48 gold pieces
 22823 | Bazaar   | Bought a steaming ring mail for 234 gold pieces
 22823 | Bazaar   | Identified the +0 ring mail "Lifepsiv" {Dex+4} (You bought
                  | it in a shop in a bazaar)
 22823 | Bazaar   | Bought an ichor-stained kite shield for 247 gold pieces
 22823 | Bazaar   | Identified the -2 kite shield of Marbles {rF+ Dex+2} (You
                  | bought it in a shop in a bazaar)
 22941 | Orc:2    | Found a staircase to the Elven Halls.
 23038 | Orc:2    | Found Miphemou's Jewellery Emporium.
 23038 | Orc:2    | Found Nekuq's Assorted Antiques.
 23040 | Orc:2    | Found Zolan's Armour Shop.
 23042 | Orc:2    | Found Kepuash's Book Shoppe.
 23047 | Orc:2    | Bought 2 scrolls of enchant armour for 330 gold pieces
 23219 | Orc:2    | Noticed Urug
 23233 | Orc:2    | Killed Urug
 24311 | D:13     | Received a gift from Okawaru
 25200 | D:14     | Reached skill level 15 in Invocations
 25363 | D:14     | Found a gate to the Vaults.
 25389 | D:14     | Received a gift from Okawaru
 25463 | D:14     | Found a sparkling altar of Nemelex Xobeh.
 25868 | D:15     | Entered Level 15 of the Dungeon
 26209 | D:15     | Found a glowing golden altar of the Shining One.
 26209 | D:15     | Found a glowing silver altar of Zin.
 26209 | D:15     | Found a white marble altar of Elyvilon.
 26994 | D:15     | Found a staircase to the Depths.
 27010 | D:15     | Received a gift from Okawaru
 27489 | D:15     | Reached XP level 16. HP: 149/149 MP: 27/27
 27883 | Spider:1 | Entered Level 1 of the Spider Nest
 28455 | Spider:1 | Noticed Mlioglotl
 28473 | Spider:1 | Killed Mlioglotl
 28597 | Spider:1 | Identified the blade talisman of Privacy {Int+4}
 29424 | Spider:2 | Received a gift from Okawaru
 30137 | Spider:2 | Noticed Nikola
 30182 | Spider:2 | Killed Nikola
 30251 | Spider:2 | Noticed Arachne
 30270 | Spider:2 | Killed Arachne
 30302 | Spider:2 | Received a gift from Okawaru
 30668 | Shoals:1 | Entered Level 1 of the Shoals
 30985 | Shoals:1 | Found a glowing silver altar of Zin.
 31227 | Orc:2    | Bought the ring of Dobenuo {Fly rElec rPois rF+ Stlth-} for
                  | 708 gold pieces
 31486 | Shoals:1 | Reached skill level 10 in Dodging
 31657 | Shoals:1 | Found Egeojorph's Jewellery Emporium.
 31679 | Shoals:1 | Noticed Jorgrun
 31681 | Shoals:1 | Received a gift from Okawaru
 32209 | Shoals:2 | Found Medud's Firing Range.
 32235 | Shoals:2 | Noticed Louise
 32241 | Abyss:2  | Cast into level 2 of the Abyss (Louise)
 32271 | Abyss:2  | Paralysed by an apocalypse crab for 1 turns
 32509 | Abyss:2  | Reached XP level 17. HP: 142/161 MP: 23/28
 32537 | Abyss:2  | Found a corrupted altar of Lugonu.
 33037 | Shoals:2 | Escaped the Abyss
 33071 | Shoals:2 | Killed Louise
 33236 | Shoals:1 | Killed Jorgrun
 34189 | Shoals:3 | Noticed Donald
 34201 | Shoals:3 | Killed Donald
 34241 | Shoals:3 | Found a broken altar of Ashenzari.
 34357 | Shoals:3 | Reached skill level 1 in Shields
 34528 | Shoals:3 | Found an opulent altar of Gozag.
 35041 | Shoals:4 | Entered Level 4 of the Shoals
 35234 | Shoals:4 | Noticed Bai Suzhen
 35237 | Shoals:4 | Reached skill level 5 in Shields
 35267 | Shoals:4 | Killed Bai Suzhen
 35867 | Shoals:4 | Received a gift from Okawaru
 36426 | Shoals:4 | Noticed a sphinx
 36432 | Shoals:4 | Noticed a sphinx
 36439 | Shoals:4 | Killed a sphinx
 36440 | Shoals:4 | Reached skill level 10 in Shields
 36451 | Shoals:4 | Killed a sphinx
 36456 | Shoals:4 | Reached XP level 18. HP: 118/172 MP: 29/29
 36843 | Shoals:4 | Got a barnacled rune of Zot
 37726 | Spider:3 | Received a gift from Okawaru
 38353 | Spider:4 | Entered Level 4 of the Spider Nest
 38926 | Arena    | Entered the Arena
 40479 | Spider:4 | Reached skill level 15 in Shields
 40666 | Spider:4 | Identified the +7 sling "Heawif" {antimagic, rN+}
 40731 | Spider:4 | Found a runed translucent door.
 40731 | Spider:4 | Noticed tls9540's ghost (adept MDFi)
 40921 | Spider:4 | Got a gossamer rune of Zot
 41475 | Vaults:1 | Entered Level 1 of the Vaults
 42259 | Vaults:1 | Reached XP level 19. HP: 179/179 MP: 30/30
 42311 | Vaults:1 | Received a gift from Okawaru
 43808 | Vaults:2 | Found Natyk's General Store.
 43816 | Vaults:2 | Bought a potion of heal wounds for 65 gold pieces
 44116 | Shoals:2 | Bought a manual of Ranged Weapons for 1200 gold pieces
 44116 | Shoals:2 | Bought 2 throwing nets for 90 gold pieces
 44475 | Vaults:2 | Received a gift from Okawaru
 45140 | Vaults:2 | Noticed Mara
 45145 | Vaults:2 | Killed Mara
 45196 | Vaults:2 | Found Ommemewu's Book Shop.
 45229 | Vaults:2 | Learned a level 2 spell: Blink
 45250 | Vaults:2 | Learned a level 4 spell: Dimensional Bullseye
 45386 | Vaults:2 | Received a gift from Okawaru
 45463 | Vaults:2 | Found Gesemiq's Jewellery Shoppe.
 45666 | Vaults:2 | Found Ereuquu's General Store.
 45671 | Vaults:2 | Bought a potion of curing for 42 gold pieces
 45671 | Vaults:2 | Bought a scroll of enchant weapon for 105 gold pieces
 46589 | Vaults:3 | Identified the +1 plate armour of the Fiddle {*Slow rCorr
                  | Str+2}
 46841 | Vaults:3 | Received a gift from Okawaru
 47124 | Vaults:3 | Found Uzean's Book Boutique.
 47239 | Vaults:3 | Paralysed by a formless jellyfish for 1 turns
 47441 | Vaults:3 | Found a staircase to the Crypt.
 47454 | Vaults:3 | Reached XP level 20. HP: 181/191 MP: 26/31
 47548 | Vaults:3 | Found Istroon's Distillery.
 47554 | Vaults:3 | Bought a potion of mutation for 184 gold pieces
 47554 | Vaults:3 | Bought a potion of enlightenment for 115 gold pieces
 48037 | Vaults:3 | Identified the staff "Isivvant" {rF+ rN+ Necro Earth}
 48255 | Vaults:4 | Found a crumbling gateway.
 48262 | Vaults:4 | Received a gift from Okawaru
 48275 | Desolati | Entered the Desolation of Salt
 48598 | Desolati | Identified the ring of Ideik {MP+9 Int+3}
 48600 | Desolati | Identified the ring "Vabebuda" {^Contam +Blink rPois rC+
                  | Stlth+}
 49104 | Desolati | Got Sif Muna's Commentary on Electrocution and the Legion
 49105 | Desolati | Identified the +1 plate armour of Winter {rN+}
 49115 | Desolati | Identified the +3 shortbow "Beetleslayer" {freeze, Str-2
                  | Int+6}
 49210 | Desolati | Identified the amulet "Nyokoej" {Harm rF+ rC+ RegenMP+
                  | rCorr}
 49594 | Vaults:4 | Found Waanir's Magic Scroll Shoppe.
 49620 | Vaults:4 | Bought a scroll of fear for 68 gold pieces
 49885 | Vaults:4 | Received a gift from Okawaru
 51242 | Elf:1    | Entered Level 1 of the Elven Halls
 52044 | Elf:1    | Got the Cyclopedia of the Wary Princes
 52122 | Elf:1    | Got Rounadghu's Incunable of Congelation and the Dragon
 52336 | Elf:2    | Noticed Roxanne
 52354 | Elf:2    | Killed Roxanne
 52355 | Elf:2    | Reached XP level 21. HP: 202/202 MP: 26/32
 52446 | Elf:2    | Noticed Zenata
 52453 | Elf:2    | Killed Zenata
 52619 | Elf:2    | Found a runed translucent gate.
 52619 | Elf:2    | Found a runed translucent gate.
 52619 | Elf:2    | Found a runed translucent gate.
 52657 | Elf:2    | Identified the ring of Jauf Uve {rPois Will++ MP+9 SInv
                  | Stlth-}
 53090 | Elf:2    | Found Rutuf's Antique Weapon Shop.
 53094 | Elf:2    | Found Riurodev's Magic Scroll Emporium.
 53094 | Elf:2    | Found Syoteg's General Store.
 53616 | Elf:2    | Received a gift from Okawaru
 54152 | Elf:3    | Entered Level 3 of the Elven Halls
 54273 | Elf:3    | Identified the ring of Mavoahuc {+Blink rPois EV+5 Int-5}
 54284 | Elf:3    | Noticed Norris
 54647 | Elf:3    | Found Imeered's Book Shoppe.
 54647 | Elf:3    | Found Upyugo's Jewellery Boutique.
 54648 | Elf:3    | Found Jagush's Jewellery Boutique.
 55058 | Elf:3    | Killed Norris
 55197 | Elf:3    | Identified the +3 chain mail of Laruul {rCorr Int+5 Dex-5}
 55323 | Elf:3    | Found Heamp's General Store.
 55329 | Elf:3    | Bought a scroll of enchant armour for 105 gold pieces
 55645 | Elf:3    | Identified the +3 shortbow of Mourning {elec, rElec}
 55667 | Elf:3    | Identified the staff of Imbalance {rPois rN+ Dex+2 Stlth-
                  | Necro}
 55695 | Elf:3    | Identified the +0 ring mail "Huhiargh" {rElec rC- MP+9
                  | Str-4}
 56148 | Depths:1 | Entered Level 1 of the Depths
 56179 | Depths:1 | Reached skill level 1 in Stealth
 56303 | Depths:1 | Found Extesch's Book Shoppe.
 56521 | Depths:1 | Found a gateway to Hell.
 56607 | Depths:1 | Noticed Saint Roka
 56614 | Depths:1 | Killed Saint Roka
 56763 | Depths:1 | Found a runed translucent door.
 56765 | Depths:1 | Noticed Xarghoihy's ghost (veteran MiCA)
 56813 | Depths:1 | Noticed a caustic shrike
 57068 | Depths:1 | Killed a caustic shrike
 57069 | Depths:1 | Reached XP level 22. HP: 168/215 MP: 27/33
 57202 | Depths:1 | Noticed Asterion
 57215 | Depths:1 | Killed Asterion
 57358 | Depths:1 | Received a gift from Okawaru
 57815 | Depths:1 | Found a one-way gate to the infinite horrors of the Abyss.
 58298 | Depths:2 | Reached skill level 5 in Stealth
 58358 | Depths:2 | Found a one-way gateway to a ziggurat.
 58733 | Depths:2 | Found a one-way gate leading to the halls of Pandemonium.
 58919 | Depths:2 | Identified the +2 robe of Aforin {rC+ Will+++ Dex-2}
 58919 | Depths:2 | Noticed Boris
 58936 | Depths:2 | Killed Boris
 58938 | Depths:2 | Received a gift from Okawaru
 58985 | Depths:2 | Found a snail-covered altar of Cheibriados.
 59293 | Depths:3 | Found Liqytats's Antique Weapon Emporium.
 59792 | Depths:3 | Noticed a juggernaut
 59803 | Depths:3 | Killed a juggernaut
 60998 | Depths:4 | Entered Level 4 of the Depths
 61376 | Depths:4 | Gained mutation: Armour fits poorly on your strangely
                  | shaped body. [a shining eye]
 61377 | Depths:4 | Gained mutation: You occasionally shout uncontrollably at
                  | your foes. [a shining eye]
 61391 | Depths:3 | Reached XP level 23. HP: 170/219 MP: 34/34
 61706 | Depths:3 | Received a gift from Okawaru
 61709 | Depths:3 | Reached skill level 15 in Dodging
 62392 | Depths:4 | Noticed a caustic shrike
 62408 | Depths:4 | Killed a caustic shrike
 62907 | Depths:4 | Noticed a caustic shrike
 62912 | Depths:4 | Killed a caustic shrike
 62912 | Depths:4 | Received a gift from Okawaru
 62921 | Depths:4 | Identified the orb of Broken Taboos {light, rF+ rCorr}
 62921 | Depths:4 | Noticed Frederick
 62946 | Depths:4 | Killed Frederick
 63271 | Depths:4 | Noticed a caustic shrike
 63282 | Depths:4 | Killed a caustic shrike
 63819 | Depths:4 | Found a gate to the Realm of Zot.
 64250 | Vaults:4 | Bought a scroll of enchant armour for 127 gold pieces
 64250 | Vaults:4 | Bought a scroll of fear for 68 gold pieces
 64250 | Vaults:4 | Bought a scroll of fear for 68 gold pieces
 64250 | Vaults:4 | Bought a scroll of teleportation for 51 gold pieces
 64277 | Vaults:5 | Entered Level 5 of the Vaults
 64310 | Vaults:5 | Got a silver rune of Zot
 64427 | Arena    | Entered the Arena
 65123 | Vaults:5 | Reached XP level 24. HP: 157/231 MP: 36/36
 65797 | Vaults:5 | Received a gift from Okawaru
 67249 | D:15     | Fell from the grace of Okawaru
 67249 | D:15     | Became a worshipper of the Shining One
 67433 | Crypt:1  | Entered Level 1 of the Crypt
 67466 | Crypt:1  | Reached * piety under the Shining One
 67760 | Crypt:1  | Reached ** piety under the Shining One
 68191 | Crypt:1  | Found a huge runed translucent gate.
 68192 | Crypt:1  | Found a huge runed translucent gate.
 68192 | Crypt:1  | Found a huge runed translucent gate.
 68192 | Crypt:1  | Found a huge runed translucent gate.
 68193 | Crypt:1  | Found a huge runed translucent gate.
 68193 | Crypt:1  | Found a huge runed translucent gate.
 68193 | Crypt:1  | Found a huge runed translucent gate.
 68195 | Crypt:1  | Found a huge runed translucent gate.
 68195 | Crypt:1  | Found a huge runed translucent gate.
 68201 | Crypt:1  | Reached *** piety under the Shining One
 69002 | Crypt:2  | Found a transporter.
 69008 | Crypt:2  | Reached **** piety under the Shining One
 69152 | Crypt:2  | Reached ***** piety under the Shining One
 69630 | Crypt:2  | Found a transporter.
 69946 | Crypt:3  | Entered Level 3 of the Crypt
 70093 | Crypt:3  | Reached ****** piety under the Shining One
 70582 | Shoals:2 | Bought a +2 hand cannon of flaming for 274 gold pieces
 70589 | Shoals:2 | Identified a +9 hand cannon of holy wrath (a +8 hand cannon
                  | of flaming blessed by the Shining One)
 70589 | Shoals:2 | Received a gift from the Shining One
 71242 | Crypt:3  | Reached XP level 25. HP: 243/243 MP: 37/37
 71357 | Crypt:3  | Found a staircase to the Tomb.
 71428 | Crypt:3  | Found a basalt altar of Yredelemnul.
 71569 | Crypt:3  | Identified the +7 fire dragon scales of Mezes {rF++ rC-
                  | SInv}
 71580 | Crypt:3  | Identified the +1 demon blade of Yfibb {venom, *Rage rElec
                  | rC+++ Str+4}
 71971 | Crypt:3  | Was forgiven by Okawaru
 72097 | Crypt:3  | Found the +13 scythe of Curses {drain, curses, ^Drain}
 72105 | Crypt:3  | Identified the +3 spear of Lenej {holy, +Blink rN+ Dex+3}
 72579 | Pan      | Entered Pandemonium
 72949 | Pan      | Noticed Myugien the pandemonium lord
 72959 | Pan      | Killed Myugien the pandemonium lord
 73684 | Pan      | Found a runed translucent door.
 73712 | Pan      | Got a demonic rune of Zot
 73722 | Pan      | Entered the realm of Cerebov.
 73937 | Pan      | Reached skill level 1 in Translocations
 74016 | Pan      | Identified the staff of the Median {rF- rC++ Int+3 Conj
                  | Earth}
 74021 | Pan      | Identified the +1 leather armour of Moptit {rF+++ rC- Dex+3
                  | Stlth+}
 74075 | Pan      | Found the +6 sword of Cerebov {flame}
 74075 | Pan      | Noticed Cerebov
 74280 | Pan      | Killed Cerebov
 74316 | Pan      | Got a fiery rune of Zot
 74390 | Pan      | Entered the realm of Gloorx Vloq.
 74551 | Pan      | Found an exit through the horrors of the Abyss.
 75045 | Pan      | Noticed Gloorx Vloq
 75104 | Pan      | Reached skill level 5 in Translocations
 75163 | Pan      | Killed Gloorx Vloq
 75399 | Pan      | Reached XP level 26. HP: 253/254 MP: 38/38
 75413 | Pan      | Got a dark rune of Zot
 75534 | Pan      | Identified the +2 short sword of the Sea {pain, rN+ rCorr
                  | Str+3 Dex+4}
 75709 | Pan      | Entered the realm of Lom Lobon.
 76173 | Pan      | Noticed Lom Lobon
 76431 | Pan      | Got a magical rune of Zot
 76514 | Pan      | Noticed Lom Lobon
 76517 | Pan      | Gained mutation: You are clumsy. (Dex -2) [a cacodemon]
 76532 | Pan      | Noticed Ignacio
 76535 | Pan      | Identified the +3 tower shield of Agihul {Harm rC+++
                  | Stlth-}
 76538 | Pan      | Killed Ignacio
 76633 | Pan      | Noticed Pott the pandemonium lord
 76636 | Pan      | Killed Pott the pandemonium lord
 76880 | Depths:2 | Escaped Pandemonium
 76883 | Pan      | Entered the realm of Mnoleg.
 76883 | Pan      | Entered Pandemonium
 76899 | Pan      | Found an exit through the horrors of the Abyss.
 76980 | Pan      | Gained mutation: Your flesh is cold resistant. (rC+) [a
                  | cacodemon]
 76982 | Pan      | Gained mutation: You are occasionally teleported next to
                  | monsters. [a neqoxec]
 77249 | Pan      | Lost mutation: You are clumsy. (Dex -2) [potion of
                  | mutation]
 77249 | Pan      | Lost mutation: You occasionally shout uncontrollably at
                  | your foes. [potion of mutation]
 77249 | Pan      | Lost mutation: Your flesh is cold resistant. (rC+) [potion
                  | of mutation]
 77249 | Pan      | Gained mutation: Your system is resistant to poisons.
                  | (rPois) [potion of mutation]
 77249 | Pan      | Gained mutation: You are vulnerable to cold. (rC-) [potion
                  | of mutation]
 77250 | Pan      | Lost mutation: Armour fits poorly on your strangely shaped
                  | body. [potion of mutation]
 77250 | Pan      | Lost mutation: You are vulnerable to cold. (rC-) [potion of
                  | mutation]
 77250 | Pan      | Lost mutation: You are occasionally teleported next to
                  | monsters. [potion of mutation]
 77250 | Pan      | Gained mutation: Your health recovers twice as slowly from
                  | being drained. [potion of mutation]
 77250 | Pan      | Gained mutation: Your skin changes colour to match your
                  | surroundings (Stealth+). [potion of mutation]
 77287 | Pan      | Noticed Mnoleg
 77302 | Pan      | Killed Mnoleg
 77535 | Pan      | Got a glowing rune of Zot
 77843 | Pan      | Noticed Feifog the pandemonium lord
 77845 | Pan      | Killed Feifog the pandemonium lord
 77971 | Pan      | Identified a scroll of acquirement
 78048 | Pan      | Found an exit through the horrors of the Abyss.
 78061 | Pan      | Took an exit into the Abyss.
 78061 | Abyss:2  | Escaped into the Abyss
 78105 | Abyss:3  | Noticed a dread lich
 78105 | Abyss:3  | Found a corrupted altar of Lugonu.
 78109 | Abyss:3  | Killed a dread lich
 78150 | Abyss:3  | Found a corrupted altar of Lugonu.
 78275 | Abyss:3  | Found a corrupted altar of Lugonu.
 78324 | Depths:2 | Escaped the Abyss
 78503 | Depths:1 | Voluntarily entered the Abyss.
 78615 | Abyss:4  | Gained mutation: Your magical capacity is low. (-10% MP) [a
                  | neqoxec]
 78678 | Abyss:4  | Reached XP level 27. HP: 108/261 MP: 34/34
 78799 | Depths:1 | Escaped the Abyss
 78930 | Depths:1 | Voluntarily entered the Abyss.
 79546 | Abyss:4  | Got an abyssal rune of Zot
 79549 | Abyss:4  | Learned a level 1 spell: Apportation
 79573 | Abyss:4  | Gained mutation: Your body sometimes deteriorates upon
                  | taking damage. [a neqoxec]
 79614 | Abyss:4  | Paralysed by accursed screaming for 1 turns
 79633 | Depths:1 | Escaped the Abyss
 79968 | Slime:1  | Entered Level 1 of the Pits of Slime
 80051 | Slime:3  | Noticed Dissolution
 80067 | Slime:2  | Killed Dissolution
 80966 | Slime:5  | Entered Level 5 of the Pits of Slime
 81026 | Slime:5  | Found a viscous altar of Jiyva.
 81027 | Slime:5  | Noticed the Royal Jelly
 81044 | Slime:5  | Killed the Royal Jelly
 81072 | Slime:5  | Gained mutation: You are resistant to electric shocks.
                  | (rElec) [a shining eye]
 81078 | Slime:5  | Reached skill level 27 in Ranged Weapons
 81210 | Slime:5  | Identified the +6 plate armour of the Blind Marksman
                  | {Regen+ Int+3}
 81295 | Slime:5  | Got a slimy rune of Zot
 81387 | Lair:5   | Lost mutation: Your system is resistant to poisons. (rPois)
                  | [potion of mutation]
 81387 | Lair:5   | Lost mutation: You are resistant to electric shocks.
                  | (rElec) [potion of mutation]
 81387 | Lair:5   | Gained mutation: You have a somewhat thin skeletal
                  | structure. (Dex +2, Stealth+) [potion of mutation]
 81388 | Lair:5   | Lost mutation: Your magical capacity is low. (-10% MP)
                  | [potion of mutation]
 81388 | Lair:5   | Lost mutation: Your skin changes colour to match your
                  | surroundings (Stealth+). [potion of mutation]
 81388 | Lair:5   | Lost mutation: Your health recovers twice as slowly from
                  | being drained. [potion of mutation]
 81388 | Lair:5   | Gained mutation: You are weak. (Str -2) [potion of
                  | mutation]
 81388 | Lair:5   | Gained mutation: You are occasionally teleported next to
                  | monsters. [potion of mutation]
 81388 | Lair:5   | Gained mutation: You have a pair of small horns on your
                  | head. [potion of mutation]
 81389 | Lair:5   | Lost mutation: You have a somewhat thin skeletal structure.
                  | (Dex +2, Stealth+) [potion of mutation]
 81389 | Lair:5   | Lost mutation: Your body sometimes deteriorates upon taking
                  | damage. [potion of mutation]
 81389 | Lair:5   | Lost mutation: You are weak. (Str -2) [potion of mutation]
 81389 | Lair:5   | Gained mutation: You possess an exceptional clarity of
                  | mind. [potion of mutation]
 81389 | Lair:5   | Gained mutation: You expend magic power (3 MP) to
                  | strengthen your wands. [potion of mutation]
 81389 | Lair:5   | Lost mutation: You possess an exceptional clarity of mind.
                  | [potion of mutation]
 81389 | Lair:5   | Gained mutation: You have large cloven feet. [potion of
                  | mutation]
 81390 | Lair:5   | Lost mutation: You are occasionally teleported next to
                  | monsters. [potion of mutation]
 81390 | Lair:5   | Lost mutation: You have large cloven feet. [potion of
                  | mutation]
 81390 | Lair:5   | Lost mutation: You have a pair of small horns on your head.
                  | [potion of mutation]
 81390 | Lair:5   | Gained mutation: You occasionally shout uncontrollably at
                  | your foes. [potion of mutation]
 81390 | Lair:5   | Gained mutation: You are frail. (-10% HP) [potion of
                  | mutation]
 81391 | Lair:5   | Lost mutation: You expend magic power (3 MP) to strengthen
                  | your wands. [potion of mutation]
 81391 | Lair:5   | Lost mutation: You occasionally shout uncontrollably at
                  | your foes. [potion of mutation]
 81391 | Lair:5   | Gained mutation: You have sharp toenails. [potion of
                  | mutation]
 81391 | Lair:5   | Gained mutation: Your flesh is heat resistant. (rF+)
                  | [potion of mutation]
 81391 | Lair:5   | Gained mutation: Your spells are a little easier to cast,
                  | but a little less powerful. [potion of mutation]
 81392 | Lair:5   | Lost mutation: You have sharp toenails. [potion of
                  | mutation]
 81392 | Lair:5   | Lost mutation: You are frail. (-10% HP) [potion of
                  | mutation]
 81392 | Lair:5   | Gained mutation: You possess an exceptional clarity of
                  | mind. [potion of mutation]
 81392 | Lair:5   | Gained mutation: Your muscles are strong. (Str +4, Int/Dex
                  | -1) [potion of mutation]
 81392 | Lair:5   | Gained mutation: Your muscles are very strong. (Str +8,
                  | Int/Dex -2) [potion of mutation]
 81744 | Hell     | Entered the Vestibule of Hell
 81744 | Hell     | Noticed Geryon
 81752 | Hell     | Killed Geryon
 81752 | Hell     | Noticed Murray
 81767 | Depths:1 | Killed Murray
 81811 | Hell     | Found a gateway to the freezing wastes of Cocytus.
 81852 | Hell     | Found a gateway to the decaying netherworld of Tartarus.
 82033 | Hell     | Found a gateway to the ashen valley of Gehenna.
 82129 | Hell     | Found a gateway to the Iron City of Dis.
 82578 | Elf:2    | Bought a scroll of teleportation for 42 gold pieces
 82578 | Elf:2    | Bought 3 scrolls of summoning for 399 gold pieces
 82578 | Elf:2    | Bought a scroll of summoning for 133 gold pieces
 82578 | Elf:2    | Bought a scroll of vulnerability for 56 gold pieces
 82578 | Elf:2    | Bought a scroll of teleportation for 42 gold pieces
 82578 | Elf:2    | Bought 2 scrolls of teleportation for 84 gold pieces
 82828 | D:2      | Bought a scroll of vulnerability for 40 gold pieces
 82828 | D:2      | Bought a potion of attraction for 30 gold pieces
 83214 | Vaults:3 | Bought a potion of brilliance for 92 gold pieces
 83214 | Vaults:3 | Bought a potion of lignification for 69 gold pieces
 83214 | Vaults:3 | Bought 2 potions of brilliance for 184 gold pieces
 83214 | Vaults:3 | Bought a potion of curing for 69 gold pieces
 83214 | Vaults:3 | Bought a potion of brilliance for 92 gold pieces
 83539 | Elf:2    | Bought a wand of warping (6) for 259 gold pieces
 83539 | Elf:2    | Bought a scroll of immolation for 72 gold pieces
 83539 | Elf:2    | Bought a scroll of fog for 72 gold pieces
 83863 | Geh:1    | Entered Level 1 of Gehenna
 84262 | Geh:2    | Noticed an ancient lich
 84264 | Geh:2    | Killed an ancient lich
 85437 | Geh:6    | Reached skill level 27 in Invocations
 85574 | Geh:7    | Entered Level 7 of Gehenna
 85878 | Geh:7    | Noticed the Serpent of Hell
 86342 | Geh:7    | Killed the Serpent of Hell
 86998 | Geh:7    | Got the Secrets of Manifold Accompaniment
 87033 | Geh:7    | Found the +13 sceptre of Asmodeus
 87033 | Geh:7    | Noticed Asmodeus
 87057 | Geh:7    | HP: 8/266 [Asmodeus/damnation (63)]
 87058 | Geh:7    | Killed Asmodeus
 87398 | Geh:7    | Got an obsidian rune of Zot
 87434 | Geh:7    | Identified the +4 short sword of Viny Eternal Vigilance
                  | {flame, ^Fragile rN++ Dex+6}
 87579 | Tar:1    | Entered Level 1 of Tartarus
 88159 | Tar:7    | Entered Level 7 of Tartarus
 88935 | Tar:7    | HP: 11/270 [profane servitor/+3 demon whip (19)]
 90263 | Tar:7    | Found the +8 pair of quick blades "Gyre" and "Gimble"
                  | {protect}
 90270 | Tar:7    | Found the crystal ball of Wucad Mu {*channel}
 90320 | Tar:7    | Reached skill level 27 in Fighting
 90320 | Tar:7    | Reached skill level 27 in Shields
 90661 | Tar:7    | Noticed Ereshkigal
 90670 | Tar:7    | Killed Ereshkigal
 90883 | Tar:7    | Identified the +9 sling of Income {freeze, rN+}
 90885 | Tar:7    | Got a bone rune of Zot
 90892 | Tar:7    | Identified the +7 chain mail of Dizot {rC+ Will+ Int+3}
 91367 | Tomb:1   | Entered Level 1 of the Tomb of the Ancients
 91647 | Tomb:1   | Noticed a royal mummy
 91688 | Tomb:1   | Killed a royal mummy
 91694 | Tomb:1   | Noticed a royal mummy
 91694 | Tomb:1   | Noticed a royal mummy
 93197 | Tomb:2   | Noticed a royal mummy
 93197 | Tomb:2   | Noticed a royal mummy
 93201 | Tomb:2   | Noticed a royal mummy
 93201 | Tomb:2   | Noticed a royal mummy
 93202 | Tomb:2   | Killed a royal mummy
 93203 | Tomb:2   | Killed a royal mummy
 93208 | Tomb:2   | Killed a royal mummy
 93208 | Tomb:2   | Killed a royal mummy
 93275 | Tomb:2   | Paralysed by a Zot trap for 5 turns
 93733 | Tomb:3   | Entered Level 3 of the Tomb of the Ancients
 93738 | Tomb:3   | Noticed a royal mummy
 93738 | Tomb:3   | Noticed a royal mummy
 93742 | Tomb:3   | Killed a royal mummy
 93742 | Tomb:3   | Killed a royal mummy
 93742 | Tomb:3   | Noticed a royal mummy
 93748 | Tomb:3   | Noticed a royal mummy
 93749 | Tomb:3   | Killed a royal mummy
 93751 | Tomb:3   | Killed a royal mummy
 93753 | Tomb:3   | Noticed a royal mummy
 93757 | Tomb:3   | Killed a royal mummy
 93795 | Tomb:3   | Noticed a royal mummy
 93803 | Tomb:3   | Killed a royal mummy
 93826 | Tomb:3   | Noticed a royal mummy
 93830 | Tomb:3   | Killed a royal mummy
 93871 | Tomb:3   | Got a golden rune of Zot
 94115 | Tomb:3   | Noticed a royal mummy
 94140 | Tomb:3   | Killed a royal mummy
 94304 | Tomb:3   | Noticed a royal mummy
 94314 | Tomb:3   | Killed a royal mummy
 94892 | Tomb:3   | Identified the +5 scale mail "Wuclis" {Harm Fly rC- Will++}
 94910 | Tomb:3   | Got Sif Muna's Quarto of Xanthosis and Talus
 94913 | Tomb:3   | Identified the death talisman of Ajaih {Will+ Stlth+}
 94929 | Tomb:3   | Got the Secrets of Planar Combustion
 95511 | Tomb:2   | Acquired the +1 pair of boots "Ydio" {Int+5}
 95529 | Tomb:2   | Acquired 763 gold pieces
 95958 | Coc:1    | Entered Level 1 of Cocytus
 95982 | Coc:1    | Found a corrupted altar of Lugonu.
 96404 | Coc:3    | Paralysed by a wendigo for 1 turns
 96797 | Coc:4    | Paralysed by a wendigo for 1 turns
 97732 | Coc:6    | Paralysed by a wendigo for 1 turns
 97936 | Coc:7    | Entered Level 7 of Cocytus
 98575 | Coc:7    | Noticed Antaeus
 98611 | Coc:7    | Killed Antaeus
 98677 | Coc:7    | Got an icy rune of Zot
 98687 | Coc:7    | Identified the staff of the Sheltering Seeker {rElec rF+
                  | Str+3 Int-5 Hexes Fire}
 98985 | Dis:1    | Entered Level 1 of the Iron City of Dis
 99374 | Dis:3    | Noticed a dread lich
 99377 | Dis:3    | Killed a dread lich
100247 | Dis:6    | Noticed an ancient lich
100247 | Dis:6    | Noticed a dread lich
100247 | Dis:6    | Noticed an ancient lich
100250 | Dis:6    | Killed an ancient lich
100250 | Dis:6    | Killed an ancient lich
100255 | Dis:6    | Killed a dread lich
100257 | Dis:6    | Noticed an ancient lich
100260 | Dis:6    | Killed an ancient lich
100732 | Dis:7    | Entered Level 7 of the Iron City of Dis
102335 | Dis:7    | Noticed Dispater
102363 | Dis:7    | Killed Dispater
102494 | Dis:7    | Found the +3 salamander hide armour {Flames, rFlCloud rF++
                  | rC--}
102508 | Dis:7    | Identified the +6 spear of Tumult {freeze, rF+ Str+7 Int-4
                  | Stlth+}
102513 | Dis:7    | Got an iron rune of Zot
102526 | Dis:7    | Identified the death talisman of Yredelemnul's Outrage
                  | {Int+2 Dex+3}
102818 | Zot:1    | Entered Level 1 of the Realm of Zot
103502 | Zot:2    | You are sucked into a shaft and drop 2 floors!
103921 | Zot:2    | Identified the +0 long sword of Okawaru's Pride {speed, Fly
                  | rN+ Stlth-}
104164 | Zot:3    | Noticed an orb of fire
104170 | Zot:3    | Killed an orb of fire
104304 | Zot:3    | Noticed Vv
104327 | Zot:3    | Killed Vv
105298 | Zot:4    | Identified the +7 whip of the Bedazzling Gods {drain, rF+
                  | Str+2 Int+3 Dex-5}
105736 | Zot:4    | Identified the +12 morningstar "Zeduinla" {heavy, rElec
                  | Str+3}
106443 | Zot:5    | Entered Level 5 of the Realm of Zot
106466 | Zot:5    | Acquired 613 gold pieces
106882 | Zot:5    | Noticed an ancient lich
106893 | Zot:5    | Killed an ancient lich
106900 | Zot:5    | Noticed an orb of fire
106904 | Zot:5    | Lost mutation: You possess an exceptional clarity of mind.
                  | [an orb of fire]
106908 | Zot:5    | Noticed an orb of fire
106909 | Zot:5    | Killed an orb of fire
106917 | Zot:5    | Gained mutation: Your skin changes colour to match your
                  | surroundings (Stealth+). [an orb of fire]
106918 | Zot:5    | Killed an orb of fire
106953 | Zot:5    | Reached skill level 27 in Dodging
106976 | Zot:5    | Noticed an orb of fire
106980 | Zot:5    | Gained mutation: You occasionally lose the ability to read
                  | scrolls when taking damage. [an orb of fire]
106985 | Zot:5    | Gained mutation: You have sharp toenails. [an orb of fire]
106986 | Zot:5    | Noticed an orb of fire
106989 | Zot:5    | Killed an orb of fire
106990 | Zot:5    | Lost mutation: You have sharp toenails. [potion of
                  | mutation]
106990 | Zot:5    | Lost mutation: Your flesh is heat resistant. (rF+) [potion
                  | of mutation]
106990 | Zot:5    | Gained mutation: You are agile. (Dex +4, Str/Int -1)
                  | [potion of mutation]
106990 | Zot:5    | Gained mutation: You have an increased reservoir of magic.
                  | (+10% MP) [potion of mutation]
106990 | Zot:5    | Lost mutation: Your spells are a little easier to cast, but
                  | a little less powerful. [potion of mutation]
106992 | Zot:5    | Lost mutation: Your muscles are very strong. (Str +8,
                  | Int/Dex -2) [an orb of fire]
106997 | Zot:5    | Killed an orb of fire
106999 | Zot:5    | Noticed an orb of fire
107001 | Zot:5    | Lost mutation: You occasionally lose the ability to read
                  | scrolls when taking damage. [potion of mutation]
107001 | Zot:5    | Lost mutation: You have an increased reservoir of magic.
                  | (+10% MP) [potion of mutation]
107001 | Zot:5    | Lost mutation: Your skin changes colour to match your
                  | surroundings (Stealth+). [potion of mutation]
107001 | Zot:5    | Gained mutation: You have sharp fingernails. [potion of
                  | mutation]
107001 | Zot:5    | Gained mutation: You are partially covered in iridescent
                  | scales. (AC +2) [potion of mutation]
107003 | Zot:5    | Noticed a dread lich
107007 | Zot:5    | Killed an orb of fire
107012 | Zot:5    | Reached skill level 10 in Evocations
107016 | Zot:5    | Killed a dread lich
107293 | Zot:5    | Got the Orb of Zot
107493 | Depths:4 | Noticed Sofugets the pandemonium lord
107497 | Depths:4 | Killed Sofugets the pandemonium lord
108028 | D:$      | Escaped with the Orb!

Illustrated notes

Levels and vault maps discovered:
D:1:      kennysheep_arrival_forest, layout_rooms, hex_medium,
          minmay_statues_item
D:2:      layout_basic, serial_shops, shop, shop, shop,
          chequers_serial_rivers_room_a, kennysheep_generic_room_4
D:3:      layout_basic, fedhas_ov_isle_minmay, gammafunk_ghost_stat_death,
          uniq_robin, uniq_grinder
D:4:      layout_loops_cross, uniq_pikel
D:5:      layout_cave_pools, minmay_temple_entry_ruins
D:6:      layout_rooms, nicolae_qazlal_eye_of_the_storm, kennysheep_mini,
          pf_guarded_unrand_meek
D:7:      layout_loops_corners, mainiacjoe_overflow_chevrons,
          mainiacjoe_overflow_alcove_4, mainiacjoe_overflow_alcove_2,
          minmay_mini_ossuary
D:8:      layout_basic, okawaru_metal_pillars_1_2, gammafunk_ghost_spectres
D:9:      lemuel_flame_loot_2, layout_loops_ring,
          grunt_temple_overflow_magic_moments, lemuel_coloured_pillars_altar,
          david_orc_2, enter_bailey_4, hellmonk_guarded_unrand_sphere_of_battle
D:10:     layout_small_grid, lightli_temple_of_fire,
          due_lair_maze_entry_diamond, uniq_josephine, uniq_lodul, uniq_grum
D:11:     layout_roguey, roadster_trireme
D:12:     layout_stronghold, serial_shops, nicolae_shop_tiny_statue_garden,
          tgw_sif
D:13:     layout_roguey, chequers_serial_rivers_small_a,
          minmay_fractal_squares_gapless_5
D:14:     layout_stronghold, erik_vaults_1, nemelex_spade_bored_becter
D:15:     gammafunk_depths_entry_grave, layout_stronghold, good_gods_mini_temple
Temple:   hellmonk_temple_flake
Lair:1:   layout_hall_layers, nicolae_volcano_entry_vermiform,
          chequers_serial_rivers_large_b, lemuel_fruit_fields, uniq_maggie
Lair:2:   layout_cave_pods, mainiacjoe_shoals_entry_four_pools,
          bobbens_dragon_lair_wall
Lair:3:   dreamdust_cave_troll, layout_chaotic_city,
          spider_nest_entry_funnel_web, grunt_megastairs_4
Lair:4:   gammafunk_lair_enchanted_lake, layout_cave_pods, st_stairs_6,
          serial_bayou_pond_e, uniq_kirke, uniq_rupert
Lair:5:   gammafunk_lair_ancient_temple, layout_regular_city,
          nicolae_slime_entry_field_trip, st_stairs_11, serial_bayou_lake_a
Shoals:1: layout_shoals, serial_shops, nicolae_diamond_shop, lemuel_oklob_altar,
          uniq_jorgrun
Shoals:2: layout_shoals, nicolae_shop_firing_range, uniq_louise
Shoals:3: layout_shoals, hangedman_feature_mirror, uniq_donald
Shoals:4: shoals_end_hellmonk_lost_city, uniq_bai_suzhen
Spider:1: layout_chambers, uniq_mlioglotl
Spider:2: layout_spider_delve, uniq_arachne, uniq_nikola
Spider:3: layout_spider_delve
Spider:4: grunt_spider_rune_circles, gammafunk_ghost_grave
Slime:1:  layout_caves, cheibrodos_slime_lost_civilization_4
Slime:2:  layout_caves
Slime:3:  layout_caves, uniq_dissolution
Slime:4:  layout_caves
Slime:5:  slime_pit
Orc:1:    layout_diamond_mine, nicolae_orc_stony_grotto
Orc:2:    st_orc_rangers, layout_caves, serial_shops, bzr_entry_lakeside,
          uniq_urug
Elf:1:    minmay_elf_arrival_plus, layout_loops_corners, minmay_elf_necromancy,
          hangedman_elven_ridges
Elf:2:    elven_hall_of_blades_hangedman_original [nicolae_blade_little_rooms],
          layout_gridlike, serial_sigils, serial_sigils_hangedman_writhe,
          serial_sigils_hangedman_stare, serial_sigils_hangedman_scratch,
          serial_sigils_hangedman_quiver, nicolae_wooded_promenade,
          lemuel_elevator, uniq_zenata, uniq_roxanne
Elf:3:    grunt_elf_hall_branching, layout_loops_ring, serial_shops, shop,
          minmay_shop_grove, uniq_norris
Vaults:1: nicolae_vaults_variable_pillar_hall, nicolae_vaults_octothorpe,
          vaults_dpeg_spiral, v_misc_31, nicolae_vaults_big_ls,
          ontoclasm_vaults_idyll, nicolae_vaults_variable_pillar_hall, v_misc_3,
          nicolae_vaults_puzzle_piece, layout_vaults_quadrants
Vaults:2: nicolae_vaults_little_squares_4, nicolae_vaults_trapezoid_2,
          v_alt_pattern_1, v_misc_22, nicolae_vaults_offset_grid_hallway_2,
          vaults_dpeg_cross, vaults_standard_mumra_enter_the_diamond,
          vaults_mumra_minichess, vaults_mumra_lcd,
          nicolae_vaults_sesquioval_fish, vaults_room_grid,
          nicolae_vaults_little_squares_1, nicolae_vaults_tetromino_T_2,
          nicolae_vaults_diamond_2, nicolae_vaults_two_Ls, layout_vaults_ring,
          serial_shops, shop, nicolae_shop_stone, nicolae_shop_gibbet_a_chance,
          shop_statue, uniq_mara
Vaults:3: hangedman_vaults_impose, vaults_standard_mumra_enter_the_diamond,
          nicolae_vaults_trapezoid_4, nicolae_vaults_little_squares_5,
          vaults_room_door_hall, nicolae_vaults_heart-shaped_vault,
          nicolae_vaults_prndl, minmay_crypt_entry_simple_plaza,
          nicolae_vaults_alarming, v_pattern_4, v_rooms_3,
          nicolae_vaults_display_case, v_alt_pattern_1, vaults_room_pool,
          layout_vaults_omnicross, serial_shops, shop, shop
Vaults:4: portal_desolation_entry_salt, nicolae_vaults_apartment_1, v_pattern_1,
          nicolae_vaults_door_testing_chamber, nicolae_vaults_little_squares_4,
          ontoclasm_vaults_spin, nicolae_vaults_mini_display_case,
          grunt_vaults_bifocal, nicolae_vaults_three_branches, v_misc_8,
          nicolae_vaults_house_2, layout_vaults_omnibox, serial_shops,
          nicolae_shop_window_shopping
Vaults:5
Crypt:1:  cheibrodos_crypt_3hun_7po, layout_chaotic_city, grunt_megastairs_1
Crypt:2:  gammafunk_dig_for_victory, layout_misc_corridors,
          minmay_misc_feat_ornament, nicolae_crypt_lurching_hallway
Crypt:3:  evilmike_haunted_forest
Tomb:1
Tomb:2
Tomb:3
Depths:1: hellmonk_ruined_rings, layout_honeycomb,
          muffindrake_ghost_dead_mans_drink, abyss_entry, serial_shops,
          shop_fountains, hell_entry, minmay_pinched_square, uniq_asterion,
          uniq_saint_roka
Depths:2: lemuel_troll_bridge, layout_gridville, enter_ziggurat_c,
          pf_coc_iceberg, cheibriados_altar_1, pan_entry, uniq_boris
Depths:3: nzn_winding_woodlands_stair_cross [nzn_winding_woodlands_5x15_garden,
          nzn_winding_woodlands_center_triple_pond,
          nzn_winding_woodlands_5x15_river_crossing,
          nzn_winding_woodlands_5x5_default,
          nzn_winding_woodlands_5x5_checkerboard,
          nzn_winding_woodlands_5x15_cabin, nzn_winding_woodlands_center_lodge,
          nzn_winding_woodlands_5x15_sawtooth], layout_small_grid,
          pf_hell_entry_tar_river, abyss_entry_glasseish, serial_shops,
          nicolae_stop_n_shop_2, nrook_uturn, minmay_staircase_windowed_large
Depths:4: hangedman_pleasuredromes, hell_entry, uniq_frederick, uniq_margery
Hell
Dis:1:    layout_gridville
Dis:2:    nicolae_hells_demon_pit, layout_subdivisions
Dis:3:    layout_gridville
Dis:4:    layout_subdivisions
Dis:5:    layout_overlapping_boxes
Dis:6:    layout_regular_city, nicolae_dis_liches_on_tour
Dis:7:    iron_city_of_dis [dis_mu, dis_wall_3], layout_gridville
Geh:1:    layout_gehenna_pools_box, hangedman_gehenna_grave_pits
Geh:2:    layout_gehenna_pools_triple
Geh:3:    layout_gehenna_pools_triple
Geh:4:    layout_gehenna_pools_triple, hangedman_hellfire_club
Geh:5:    layout_gehenna_lava_caves
Geh:6:    layout_gehenna_lava_caves, nicolae_geh_lava_in_the_way
Geh:7:    evilmike_geh
Coc:1:    layout_cocytus_delve, amcnicky_altar_lugonu_corruption
Coc:2:    layout_ice_bergs
Coc:3:    layout_ice_bergs
Coc:4:    layout_cocytus_delve
Coc:5:    layout_ice_bergs
Coc:6:    layout_ice_bergs, nicolae_coc_statues_of_limitations
Coc:7:    coc_old
Tar:1:    layout_catacombs
Tar:2:    layout_grid_maze, nicolae_tar_combstack
Tar:3:    layout_catacombs, nicolae_tar_cuneiform_sun
Tar:4:    layout_honeycomb, nicolae_tar_cuneiform_water, lemuel_nasty_fountain
Tar:5:    layout_cathedral_of_symmetry
Tar:6:    layout_grid_maze
Tar:7:    tar_minmay_river
Zot:1:    layout_basic, bh_zot_lava_cross, st_stairs_12
Zot:2:    layout_onion, st_single_dragon_hoard_2, hangedman_zot_decor_tridents
Zot:3:    layout_twisted_circle, st_stairs_4, guppyfry_library_mini, uniq_vv
Zot:4:    grunt_twist_and_shout, layout_cathedral_of_symmetry
Zot:5:    layout_misc_corridors, regret_index_zotdec_slimy_original,
          st_stairs_6, hangedman_zot_decor_slant

Skill      XL: |  1  2  3  4  5  6  7  8  9 10 11 12 13 14 15 16 17 18 19 20 21 22 23 24 25 26 27 |
---------------+----------------------------------------------------------------------------------+-----
Fighting       | 3 4 5 7 8 9 11 12 15 17 18 19 20 21 22 23 24 27 | 27.0
Ranged Weapons | 4 5 6 8 10 12 13 14 15 16 17 18 19 20 22 23 25 27 | 27.0
Evocations     | 1 2 3 5 7 8 13 | 13.5
Dodging        | 3 4 5 8 10 11 14 15 27 | 27.0
Invocations    | 5 6 8 10 12 15 18 20 22 27 | 27.0
Shields        | 10 16 19 20 21 22 23 24 27 | 27.0
Stealth        | 3 5 |  5.0
Translocations | 5 8 |  8.0

Action                     |  1- 3 |  4- 6 |  7- 9 | 10-12 | 13-15 | 16-18 | 19-21 | 22-24 | 25-27 || total
---------------------------+-------+-------+-------+-------+-------+-------+-------+-------+-------++-------
  Melee: Orcbow            |       |       |       |       |       |     7 |       |       |       ||     7
   Fire: Shortbow          |   124 |   228 |   463 |       |       |       |       |       |       ||   815
         Arbalest          |       |       |    56 |   563 |       |       |       |       |       ||   619
         Orcbow            |       |       |       |   111 |  1605 |  2272 |       |       |       ||  3988
         Hand cannon       |       |       |       |       |       |   113 |  1730 |  1907 |  4446 ||  8196
  Throw: Dart              |       |       |       |     1 |     5 |       |       |       |     4 ||    10
   Cast: Blink             |       |       |       |       |       |       |       |       |     2 ||     2
         Apportation       |       |       |       |       |       |       |       |       |     4 ||     4
 Invoke: Heroism           |       |       |       |     8 |     6 |    11 |     9 |     8 |       ||    42
         Finesse           |       |       |       |     1 |     4 |    22 |    15 |    14 |       ||    56
         Receive Weapon    |       |       |       |       |     1 |       |       |       |       ||     1
         Receive Armour    |       |       |       |       |     1 |       |       |       |       ||     1
         Duel              |       |       |       |       |       |     1 |       |     1 |       ||     2
         Divine Shield     |       |       |       |       |       |       |       |     9 |   113 ||   122
         Cleansing Flame   |       |       |       |       |       |       |       |     4 |   219 ||   223
         Brand Weapon With |       |       |       |       |       |       |       |     1 |       ||     1
         Summon Divine War |       |       |       |       |       |       |       |       |    25 ||    25
  Evoke: Wand              |       |     4 |     6 |     7 |       |    11 |     1 |    15 |    19 ||    63
         Tin of tremorston |       |       |       |       |       |     2 |     2 |       |       ||     4
         Phial of floods   |       |       |       |       |       |       |       |     1 |       ||     1
    Use: Scroll            |     1 |     3 |     3 |     3 |    10 |    15 |    12 |    21 |    56 ||   124
         Potion            |       |       |       |       |       |     7 |     3 |     5 |    45 ||    60
 Armour: Leather armour    |    23 |    61 |       |       |       |       |       |       |       ||    84
         Ring mail         |       |       |   287 |   320 |   231 |   581 |    61 |       |       ||  1480
         Robe              |       |       |       |       |       |       |   255 |   404 |   891 ||  1550
         Skin              |       |       |       |       |       |       |       |       |    98 ||    98
  Dodge: Dodged            |    28 |    43 |   208 |   271 |   263 |   655 |   300 |   426 |   758 ||  2952
         Repelled          |       |       |       |       |       |    17 |    31 |       |       ||    48
  Block: Other             |       |       |    75 |    88 |    71 |   126 |       |       |       ||   360
         Reflection        |       |       |     3 |     5 |    19 |    29 |   103 |     6 |       ||   165
         Tower shield      |       |       |       |       |       |   156 |  1235 |  1620 |  4031 ||  7042

Table legend: (Time is in decaauts)
 A = Elapsed time spent in this place.
 B = Non-inter-level travel time spent in this place.
 C = Inter-level travel time spent in this place.
 D = Time resting spent in this place.
 E = Time spent auto-exploring this place.
 F = Levels seen in this place.
 G = Mean time per level.
                   A        B        C        D        E       F      G
               +--------+--------+--------+--------+--------+-----+--------+
         Total | 107114 |  93118 |  13996 |  23922 |  42103 | 114 |  939.6 |
       Dungeon |  21966 |  16622 |   5344 |   2732 |   9866 |  15 | 1464.4 |
        Temple |      1 |      1 |      0 |      0 |      0 |   1 |    1.0 |
          Lair |   9205 |   7125 |   2080 |   1513 |   3789 |   5 | 1841.0 |
        Shoals |   5617 |   5054 |    563 |   1286 |   2537 |   4 | 1404.2 |
   Spider Nest |   5553 |   5344 |    209 |   1524 |   2763 |   4 | 1388.2 |
    Slime Pits |    722 |    634 |     88 |    174 |     61 |   5 |  144.4 |
  Orcish Mines |   1698 |   1324 |    374 |    128 |    855 |   2 |  849.0 |
   Elven Halls |   4734 |   4377 |    357 |    939 |   2414 |   3 | 1578.0 |
        Vaults |  11410 |   9634 |   1776 |   2041 |   4819 |   5 | 2282.0 |
         Crypt |   4493 |   3946 |    547 |    235 |   2406 |   3 | 1497.7 |
          Tomb |   4335 |   4107 |    228 |   1516 |   1600 |   3 | 1445.0 |
        Depths |   8894 |   8052 |    842 |   2208 |   4084 |   4 | 2223.5 |
          Hell |    963 |    783 |    180 |    252 |    336 |   1 |  963.0 |
           Dis |   3634 |   3329 |    305 |   1996 |    103 |   7 |  519.1 |
       Gehenna |   3387 |   3029 |    358 |    737 |   1348 |   7 |  483.9 |
       Cocytus |   2991 |   2815 |    176 |   1213 |    558 |   7 |  427.3 |
      Tartarus |   3553 |   3318 |    235 |   1595 |    727 |   7 |  507.6 |
           Zot |   3824 |   3495 |    329 |    817 |   1608 |   5 |  764.8 |
         Abyss |   2044 |   2044 |      0 |    582 |    132 |   7 |  292.0 |
   Pandemonium |   5496 |   5496 |      0 |   1412 |   1827 |  13 |  422.8 |
        Bazaar |     92 |     92 |      0 |      0 |     43 |   1 |   92.0 |
        Bailey |    568 |    568 |      0 |    326 |      2 |   1 |  568.0 |
       Volcano |    634 |    634 |      0 |    191 |    104 |   1 |  634.0 |
    Desolation |   1249 |   1249 |      0 |    471 |    118 |   1 | 1249.0 |
         Arena |     40 |     40 |      0 |     27 |      0 |   2 |   20.0 |
               +--------+--------+--------+--------+--------+-----+--------+

Top non-repeatable levels by time:
   Tar:7: 2962 daAuts
Vaults:1: 2899 daAuts
Vaults:5: 2719 daAuts
Depths:1: 2504 daAuts
Depths:3: 2493 daAuts
    D:11: 2481 daAuts
  Lair:4: 2476 daAuts
Vaults:3: 2476 daAuts
Depths:4: 2309 daAuts
   Elf:2: 2267 daAuts
     D:9: 2222 daAuts
  Lair:2: 2207 daAuts
    D:15: 2189 daAuts
    D:14: 2103 daAuts
  Tomb:1: 1929 daAuts
